[ AOE2 MATCH · #507168895 ]
UnrankedBurmese vs Tatars
Player's team · WIN
Rival team · LOSS
[ REPLAY ANALYSIS · EXTRACTED FROM THE RECORDED GAME ]
Feudal
9:15
Castle
25:12
Imperial
40:53
| APM avg | 54.2 |
| APM peak | 83 |
| eAPM avg | 26.2 |
| Villagers / military | 131 / 98 |
Focus
⚔️ 37.1% · 🌾 62.9%
Skirmisher ×81 · Monk ×7 · Battle Elephant ×7 · Militia ×3
Feudal
13:05
Castle
17:51
Imperial
38:46
| APM avg | 66.6 |
| APM peak | 108 |
| eAPM avg | 29.4 |
| Villagers / military | 103 / 74 |
Focus
⚔️ 42.9% · 🌾 57.1%
Cavalry Archer ×56 · Mangonel ×8 · Archer ×4 · Keshik ×3 · Militia ×2 · Trebuchet (Packed) ×1
Match map
Initial resources + every placement click. Lines = walls · curves = elevation contours. ◆ gold · ⬟ stone · ● berries · ✦ relic · ◌ wall gap
Your base· Open — opponent sealed themselves in
ThunderboltX's base· ✓ Closed at 17:51 · 35t walls · no gate
Smoothed initial terrain · ◌ = detected wall gap · hover for details
Inputs per minute
— TAG_MbL_ - - ThunderboltX
Build order — TAG_MbL_
First 150 of 447 actions detected
| 0:00 | Create | Villager (Male) ×4 |
| 0:01 | Build | House |
| 0:02 | Build | House |
| 1:18 | Create | Villager (Male) |
| 1:47 | Build | Lumber Camp |
| 1:51 | Create | Villager (Male) |
| 2:06 | Create | Villager (Male) |
| 2:33 | Create | Villager (Male) |
| 2:56 | Create | Villager (Male) |
| 3:24 | Create | Villager (Male) |
| 3:53 | Build | House |
| 3:55 | Create | Villager (Male) |
| 4:10 | Create | Villager (Male) |
| 4:31 | Create | Villager (Male) |
| 4:32 | Create | Villager (Male) |
| 5:04 | Create | Villager (Male) |
| 5:08 | Create | Villager (Male) |
| 5:19 | Build | Mill |
| 5:51 | Create | Villager (Male) |
| 6:19 | Research | Loom |
| 6:24 | Build | House |
| 6:43 | Build | Palisade Wall |
| 7:00 | Research | Feudal Age |
| 7:28 | Build | House |
| 7:29 | Build | House |
| 7:35 | Build | Barracks |
| 8:19 | Build | Mining Camp |
| 8:38 | Build | Palisade Wall |
| 8:38 | Build | Palisade Wall |
| 8:44 | Build | Palisade Wall |
| 8:45 | Create | Militia |
| 8:45 | Create | Militia |
| 8:56 | Build | Palisade Gate |
| 9:02 | Build | Palisade Wall |
| 9:02 | Build | Palisade Wall |
| 9:05 | Create | Villager (Male) |
| 9:08 | Create | Militia |
| 9:15 | Build | House |
| 9:15 | Age | Feudal Age |
| 9:31 | Create | Villager (Male) |
| 10:02 | Create | Villager (Male) |
| 10:08 | Build | Farm |
| 10:08 | Build | Farm |
| 10:29 | Research | Man-at-Arms (upgrade) |
| 10:31 | Create | Villager (Male) |
| 10:43 | Create | Villager (Male) |
| 10:50 | Build | Farm |
| 10:55 | Build | Watch Tower |
| 10:57 | Create | Villager (Male) |
| 11:00 | Build | Farm |
| 11:20 | Build | House |
| 11:22 | Create | Villager (Male) |
| 11:46 | Build | Mining Camp |
| 11:59 | Create | Villager (Male) |
| 12:03 | Create | Villager (Male) |
| 12:14 | Build | Farm |
| 12:17 | Build | Palisade Wall |
| 12:18 | Build | Palisade Wall |
| 12:20 | Create | Villager (Male) |
| 12:45 | Create | Villager (Male) |
| 13:09 | Build | House |
| 13:13 | Research | Town Watch |
| 13:30 | Build | Watch Tower |
| 13:31 | Build | Palisade Wall |
| 13:33 | Build | Palisade Wall |
| 13:34 | Build | Palisade Wall |
| 13:39 | Build | Watch Tower |
| 13:46 | Build | Outpost |
| 13:46 | Create | Villager (Male) |
| 13:48 | Build | Farm |
| 13:49 | Build | Farm |
| 13:51 | Build | House |
| 14:04 | Build | Outpost |
| 14:08 | Create | Villager (Male) |
| 14:27 | Create | Villager (Male) |
| 14:33 | Build | Farm |
| 14:50 | Build | Archery Range |
| 15:10 | Build | Watch Tower |
| 15:11 | Build | Palisade Wall |
| 15:13 | Build | Palisade Wall |
| 15:16 | Build | Palisade Wall |
| 15:16 | Build | Palisade Wall |
| 15:19 | Build | Palisade Wall |
| 15:21 | Build | Palisade Wall |
| 15:21 | Build | Palisade Wall |
| 15:22 | Build | Palisade Wall |
| 15:23 | Create | Villager (Male) |
| 15:41 | Build | Palisade Wall |
| 15:46 | Build | Palisade Wall |
| 15:47 | Build | Palisade Wall |
| 15:48 | Create | Villager (Male) |
| 15:49 | Create | Skirmisher |
| 15:50 | Create | Skirmisher |
| 15:53 | Create | Skirmisher |
| 16:00 | Create | Villager (Male) |
| 16:20 | Build | Palisade Wall |
| 16:21 | Build | Palisade Wall |
| 16:23 | Build | Palisade Wall |
| 16:35 | Build | Blacksmith |
| 16:36 | Create | Villager (Male) |
| 16:50 | Create | Villager (Male) |
| 16:54 | Build | House |
| 16:58 | Create | Skirmisher |
| 17:07 | Research | Fletching |
| 17:08 | Research | Fletching |
| 17:10 | Create | Villager (Male) |
| 17:13 | Create | Villager (Male) |
| 17:23 | Build | Watch Tower |
| 17:30 | Build | Outpost |
| 17:34 | Build | House |
| 17:39 | Create | Villager (Male) |
| 17:45 | Create | Skirmisher |
| 17:45 | Create | Skirmisher |
| 17:48 | Research | Padded Archer Armor |
| 17:55 | Create | Skirmisher |
| 17:59 | Build | House |
| 18:00 | Build | Palisade Wall |
| 18:02 | Create | Skirmisher |
| 18:16 | Build | House |
| 18:17 | Build | Watch Tower |
| 18:18 | Create | Skirmisher |
| 18:28 | Create | Skirmisher |
| 18:33 | Create | Villager (Male) |
| 18:50 | Create | Skirmisher |
| 19:05 | Create | Villager (Male) |
| 19:13 | Build | Mill |
| 19:16 | Create | Villager (Male) |
| 19:16 | Build | Farm |
| 19:22 | Create | Skirmisher |
| 19:24 | Create | Villager (Male) |
| 19:53 | Create | Villager (Male) |
| 20:02 | Build | Farm |
| 20:02 | Build | Farm |
| 20:03 | Build | Farm |
| 20:03 | Create | Villager (Male) |
| 20:05 | Build | Lumber Camp |
| 20:08 | Create | Villager (Male) |
| 20:10 | Build | House |
| 20:10 | Build | House |
| 20:21 | Create | Skirmisher |
| 20:23 | Create | Villager (Male) |
| 20:46 | Build | House |
| 20:54 | Build | House |
| 20:55 | Build | Farm |
| 20:58 | Build | Market |
| 21:09 | Build | Watch Tower |
| 21:13 | Build | House |
| 21:15 | Build | Palisade Wall |
| 21:16 | Create | Villager (Male) |
| 21:31 | Build | Mining Camp |
Build order — ThunderboltX
First 150 of 309 actions detected
| 0:00 | Create | Villager (Male) |
| 0:01 | Build | House |
| 0:02 | Build | House |
| 0:09 | Create | Villager (Male) |
| 0:10 | Create | Villager (Male) |
| 0:10 | Create | Villager (Male) |
| 1:20 | Create | Villager (Male) |
| 1:51 | Create | Villager (Male) |
| 1:52 | Build | Lumber Camp |
| 2:15 | Create | Villager (Male) |
| 2:40 | Create | Villager (Male) |
| 3:04 | Create | Villager (Male) |
| 3:33 | Create | Villager (Male) |
| 3:42 | Create | Villager (Male) |
| 3:49 | Build | House |
| 3:57 | Create | Villager (Male) |
| 4:32 | Build | Palisade Wall |
| 4:33 | Build | Palisade Wall |
| 4:41 | Build | Barracks |
| 4:44 | Create | Villager (Male) |
| 5:09 | Create | Villager (Male) |
| 5:12 | Build | House |
| 5:17 | Build | Palisade Wall |
| 5:31 | Create | Villager (Male) |
| 5:34 | Create | Militia |
| 5:34 | Create | Militia |
| 5:54 | Create | Villager (Male) |
| 6:02 | Build | Palisade Wall |
| 6:32 | Build | Palisade Wall |
| 6:34 | Create | Villager (Male) |
| 6:38 | Build | Mill |
| 6:50 | Create | Villager (Male) |
| 7:03 | Create | Villager (Male) |
| 7:18 | Build | House |
| 7:44 | Create | Villager (Male) |
| 7:48 | Build | House |
| 7:55 | Build | Palisade Wall |
| 8:17 | Research | Loom |
| 8:17 | Create | Villager (Male) |
| 8:53 | Create | Villager (Male) |
| 8:59 | Build | Mining Camp |
| 9:17 | Build | Mill |
| 9:17 | Create | Villager (Male) |
| 10:02 | Create | Villager (Male) |
| 10:23 | Create | Villager (Male) |
| 10:47 | Build | Palisade Wall |
| 10:55 | Research | Feudal Age |
| 11:16 | Build | House |
| 11:25 | Build | House |
| 11:27 | Build | House |
| 11:31 | Build | Farm |
| 11:32 | Build | Farm |
| 11:36 | Build | Farm |
| 11:38 | Build | Farm |
| 11:50 | Build | House |
| 11:58 | Build | House |
| 12:22 | Build | Palisade Wall |
| 12:42 | Create | Villager (Male) |
| 12:44 | Create | Villager (Male) |
| 13:05 | Age | Feudal Age |
| 13:08 | Build | Archery Range |
| 13:27 | Build | Blacksmith |
| 13:42 | Create | Archer |
| 13:43 | Create | Villager (Male) |
| 14:10 | Build | Market |
| 14:12 | Create | Archer |
| 14:14 | Create | Villager (Male) |
| 14:38 | Create | Villager (Male) |
| 14:40 | Build | Farm |
| 14:43 | Build | Farm |
| 15:11 | Research | Castle Age |
| 15:11 | Research | Castle Age |
| 15:14 | Build | Lumber Camp |
| 15:21 | Research | Double-Bit Axe |
| 15:24 | Build | Farm |
| 15:30 | Create | Archer |
| 15:53 | Build | House |
| 16:01 | Create | Archer |
| 16:08 | Build | Archery Range |
| 16:43 | Build | House |
| 16:49 | Build | Lumber Camp |
| 16:58 | Research | Fletching |
| 17:18 | Create | Villager (Male) |
| 17:51 | Age | Castle Age |
| 17:54 | Create | Cavalry Archer |
| 17:55 | Create | Cavalry Archer |
| 18:01 | Research | Bodkin Arrow |
| 18:06 | Build | House |
| 18:17 | Build | Siege Workshop |
| 18:25 | Build | Siege Workshop |
| 18:29 | Create | Villager (Male) |
| 18:33 | Create | Cavalry Archer |
| 18:33 | Create | Cavalry Archer |
| 18:47 | Create | Villager (Male) |
| 19:00 | Create | Cavalry Archer |
| 19:00 | Create | Cavalry Archer |
| 19:39 | Create | Cavalry Archer |
| 19:39 | Create | Cavalry Archer |
| 19:40 | Create | Villager (Male) |
| 19:51 | Create | Mangonel |
| 20:06 | Build | Palisade Wall |
| 20:17 | Build | Lumber Camp |
| 20:25 | Create | Villager (Male) |
| 20:30 | Create | Villager (Male) |
| 20:43 | Create | Cavalry Archer |
| 20:43 | Create | Cavalry Archer |
| 20:44 | Create | Villager (Male) |
| 21:06 | Create | Cavalry Archer |
| 21:08 | Create | Villager (Male) |
| 21:37 | Create | Mangonel |
| 22:01 | Research | Town Watch |
| 22:11 | Build | Farm |
| 22:22 | Create | Cavalry Archer |
| 22:22 | Create | Cavalry Archer |
| 22:40 | Create | Cavalry Archer |
| 22:41 | Create | Villager (Male) |
| 22:53 | Create | Cavalry Archer |
| 22:53 | Create | Cavalry Archer |
| 23:33 | Create | Cavalry Archer |
| 23:33 | Create | Cavalry Archer |
| 23:34 | Create | Villager (Male) |
| 23:57 | Build | Farm |
| 23:58 | Build | Farm |
| 23:58 | Build | Farm |
| 23:58 | Build | Farm |
| 23:58 | Build | Farm |
| 24:03 | Create | Villager (Male) |
| 24:15 | Create | Villager (Male) |
| 24:16 | Research | Bow Saw |
| 24:17 | Create | Cavalry Archer |
| 24:17 | Create | Cavalry Archer |
| 24:44 | Build | Farm |
| 24:44 | Build | Farm |
| 25:09 | Create | Villager (Male) |
| 25:23 | Create | Villager (Male) |
| 25:52 | Create | Villager (Male) |
| 26:03 | Create | Cavalry Archer |
| 26:03 | Create | Cavalry Archer |
| 26:06 | Build | House |
| 26:13 | Create | Cavalry Archer |
| 26:14 | Create | Cavalry Archer |
| 26:15 | Create | Villager (Male) |
| 26:16 | Build | House |
| 26:33 | Create | Villager (Male) |
| 26:44 | Build | Town Center |
| 26:58 | Create | Villager (Male) |
| 27:26 | Build | Farm |
| 27:26 | Build | Farm |
| 27:26 | Build | Farm |
| 27:27 | Build | Farm |
Match timeline
| 4:32 | ThunderboltX · wall_segment Palisade Wall x1 |
| 4:33 | ThunderboltX · wall_segment Palisade Wall x1 |
| 4:41 | ThunderboltX · first_building Barracks |
| 5:17 | ThunderboltX · wall_segment Palisade Wall x9 |
| 6:02 | ThunderboltX · wall_segment Palisade Wall x7 |
| 6:32 | ThunderboltX · wall_segment Palisade Wall x3 |
| 6:43 | TAG_MbL_ · wall_segment Palisade Wall x12 |
| 7:35 | TAG_MbL_ · first_building Barracks |
| 7:55 | ThunderboltX · wall_segment Palisade Wall x7 |
| 8:38 | TAG_MbL_ · wall_segment Palisade Wall x1 |
| 8:38 | TAG_MbL_ · wall_segment Palisade Wall x1 |
| 8:44 | TAG_MbL_ · wall_segment Palisade Wall x1 |
| 9:02 | TAG_MbL_ · wall_segment Palisade Wall x1 |
| 9:02 | TAG_MbL_ · wall_segment Palisade Wall x1 |
| 9:15 | TAG_MbL_ · age_up feudal |
| 10:47 | ThunderboltX · wall_segment Palisade Wall x1 |
| 12:17 | TAG_MbL_ · wall_segment Palisade Wall x1 |
| 12:18 | TAG_MbL_ · wall_segment Palisade Wall x4 |
| 12:22 | ThunderboltX · wall_segment Palisade Wall x7 |
| 13:05 | ThunderboltX · age_up feudal |
| 13:08 | ThunderboltX · first_building Archery Range |
| 13:31 | TAG_MbL_ · wall_segment Palisade Wall x1 |
| 13:33 | TAG_MbL_ · wall_segment Palisade Wall x1 |
| 13:34 | TAG_MbL_ · wall_segment Palisade Wall x1 |
| 14:50 | TAG_MbL_ · first_building Archery Range |
| 15:04 | ThunderboltX · first_market_sell 100 stone |
| 15:05 | ThunderboltX · first_market_buy 100 food |
| 15:11 | TAG_MbL_ · wall_segment Palisade Wall x1 |
| 15:13 | TAG_MbL_ · wall_segment Palisade Wall x1 |
| 15:16 | TAG_MbL_ · wall_segment Palisade Wall x1 |
| 15:16 | TAG_MbL_ · wall_segment Palisade Wall x1 |
| 15:19 | TAG_MbL_ · wall_segment Palisade Wall x1 |
| 15:21 | TAG_MbL_ · wall_segment Palisade Wall x1 |
| 15:21 | TAG_MbL_ · wall_segment Palisade Wall x1 |
| 15:22 | TAG_MbL_ · wall_segment Palisade Wall x1 |
| 15:41 | TAG_MbL_ · wall_segment Palisade Wall x1 |
| 15:46 | TAG_MbL_ · wall_segment Palisade Wall x1 |
| 15:47 | TAG_MbL_ · wall_segment Palisade Wall x1 |
| 16:20 | TAG_MbL_ · wall_segment Palisade Wall x1 |
| 16:21 | TAG_MbL_ · wall_segment Palisade Wall x1 |
| 16:23 | TAG_MbL_ · wall_segment Palisade Wall x1 |
| 17:51 | ThunderboltX · age_up castle |
| 18:00 | TAG_MbL_ · wall_segment Palisade Wall x1 |
| 18:17 | ThunderboltX · first_building Siege Workshop |
| 20:06 | ThunderboltX · wall_segment Palisade Wall x1 |
| 21:15 | TAG_MbL_ · wall_segment Palisade Wall x8 |
| 22:13 | TAG_MbL_ · first_market_buy 100 stone |
| 22:16 | TAG_MbL_ · first_market_sell 100 wood |
| 22:38 | TAG_MbL_ · wall_segment Palisade Wall x6 |
| 23:30 | TAG_MbL_ · wall_segment Palisade Wall x1 |
| 23:39 | TAG_MbL_ · wall_segment Palisade Wall x1 |
| 25:12 | TAG_MbL_ · age_up castle |
| 27:55 | ThunderboltX · wall_segment Palisade Wall x1 |
| 29:05 | TAG_MbL_ · first_building Monastery |
| 35:45 | ThunderboltX · first_building Stable |
| 37:23 | ThunderboltX · first_building Castle |
| 38:00 | TAG_MbL_ · first_building Stable |
| 38:23 | ThunderboltX · wall_segment Stone Wall x1 |
| 38:46 | ThunderboltX · age_up imperial |
| 39:42 | TAG_MbL_ · first_building Castle |
| 40:53 | TAG_MbL_ · age_up imperial |
| 40:59 | ThunderboltX · resign |
[ AI ANALYSIS · 1 CREDIT ]
What really happened in this match?
Wolo.gg analyzes every decision: build order, eco, micro, common mistakes by bracket. Personalized analysis on WhatsApp or Discord in 30 seconds.
Civ guide
Burmese
Perfil
Jugador #251265